 Dungeon Crawl Stone Soup version 0.29-a0-275-g389c0b56f3 (webtiles) character file.

Game seed: 10859341983888447474

7708 pokeman the Thaumaturge (level 11, -8/61 HPs)
             Began as a Deep Elf Hedge Wizard on Mar 9, 2022.
             Was a Priest of Vehumet.
             Mangled by a rakshasa (illusionary)
             ... wielding a +0 trident
              (13 damage)
             ... on level 9 of the Dungeon.
             The game lasted 00:30:12 (11689 turns).

pokeman the Thaumaturge (Deep Elf Hedge Wizard)    Turns: 11689, Time: 00:30:14

Health: -8/61      AC: 10    Str:  7    XL:     11   Next: 0%
Magic:  15/31      EV: 16    Int: 36    God:    Vehumet [***...]
Gold:   376        SH:  5    Dex: 14    Spells: 24/39 levels left

rFire   . . .      SeeInvis .   D - +2 spear (venom)
rCold   . . .      Faith    .   (no shield)
rNeg    + . .      Spirit   .   v - +0 leather armour
rPois   +          Reflect  +   n - +2 helmet {Int+3}
rElec   +          Harm     .   r - +0 cloak
rCorr   .          Rampage  .   (no gloves)
Will    +++..                   b - +1 pair of boots
Stlth   ++........              E - amulet of reflection
HPRegen 0.20/turn               G - ring of Loxilog {Fly rElec Will++ Int+2}
MPRegen 0.22/turn               x - ring "Xieneazoxt" {rPois rN+ EV+4 Int+7}

@: flying
A: no striking features
a: Renounce Religion


You were on level 9 of the Dungeon.
You worshipped Vehumet.
Vehumet was most pleased with you.
You visited 2 branches of the dungeon, and saw 11 of its levels.
You also visited: Bailey.

You collected 501 gold pieces.
You spent 125 gold pieces at shops.

Inventory:

Hand Weapons
 y - a +0 fustibalus
 D - a +2 spear of venom (weapon)
Armour
 b - a +1 pair of boots (worn)
 n - a +2 helmet of intelligence (worn)
 r - a +0 cloak (worn)
 v - a +0 leather armour (worn)
 B - a +2 robe of cold resistance
 I - a +0 buckler
 J - the +0 cloak of Fiucod {rPois Str-5 Dex+3}
   (You found it in a bailey)

   Str:       It affects your strength (-5).
   Dex:       It affects your dexterity (+3).
   rPois:     It protects you from poison.
Magical Staves
 A - a staff of poison
Jewellery
 c - a ring of ice
 i - an amulet of faith
 j - a ring of willpower
 s - the ring of Dogma {Ice rElec rCorr Dex-3 Stlth-}
   (You found it on level 4 of the Dungeon)

   [ring of ice]

   It enhances your ice magic.
   Dex:       It affects your dexterity (-3).
   rF:        It makes you vulnerable to fire.
   rC:        It protects you from cold.
   rElec:     It insulates you from electricity.
   rCorr:     It protects you from acid and corrosion.
   Stlth:     It makes you less stealthy.
 x - the ring "Xieneazoxt" (right hand) {rPois rN+ EV+4 Int+7}
   (You acquired it on level 6 of the Dungeon)

   [ring of evasion]

   EV:        It affects your evasion (+4).
   Int:       It affects your intelligence (+7).
   rPois:     It protects you from poison.
   rN:        It protects you from negative energy.
 E - an amulet of reflection (around neck)
 G - the ring of Loxilog (left hand) {Fly rElec Will++ Int+2}
   (You acquired it in a bailey)

   [ring of flight]

   Int:       It affects your intelligence (+2).
   rElec:     It insulates you from electricity.
   Fly:       It grants you flight.
   Will:      It greatly increases your willpower.
 M - a ring of wizardry
Wands
 k - a wand of iceblast (8)
 w - a wand of polymorph (8)
Scrolls
 a - 5 scrolls of magic mapping
 e - 3 scrolls of amnesia
 h - 2 scrolls of teleportation
 l - 2 scrolls of fog
 m - 2 scrolls of vulnerability
 o - 3 scrolls of immolation
 q - 3 scrolls of blinking
Potions
 d - 2 potions of magic
 f - 2 potions of might
 g - a potion of resistance
 p - 3 potions of lignification
 t - 3 potions of curing {unknown}
 u - 2 potions of attraction {unknown}
 z - a potion of mutation {unknown}
 C - a potion of ambrosia {unknown}
 F - a potion of cancellation {unknown}
 H - a potion of heal wounds
 K - a potion of flight {unknown}
 L - a potion of degeneration {unknown}


   Skills:
 - Level 4.0 Fighting
 - Level 4.0 Armour
 - Level 3.0 Dodging
 - Level 3.2 Stealth
 + Level 1.1 Shields
 * Level 14.5 Spellcasting
 + Level 8.3 Conjurations
 - Level 1.1 Summonings
 - Level 1.1 Translocations
 - Level 7.0 Fire Magic
 - Level 1.0 Air Magic
 + Level 2.5 Earth Magic
 - Level 1.1 Poison Magic
 - Level 1.2 Evocations


You had 24 spell levels left.
You knew the following spells:

 Your Spells              Type           Power      Damage    Failure   Level
a - Magic Dart            Conj           100%       1d8       1%          1
b - Mephitic Cloud        Conj/Pois/Air  51%        N/A       1%          3
c - Call Imp              Summ           34%        N/A       1%          2
d - Blink                 Tloc           68%        N/A       1%          2
e - Conjure Flame         Conj/Fire      69%        6-21      1%          3
f - Shock                 Conj/Air       100%       1d9       1%          1
g - Stone Arrow           Conj/Erth      100%       3d13      1%          3

Your spell library contained the following spells:

 Spells                   Type           Power      Damage    Failure   Level
 Sticky Flame             Conj/Fire      69%        2d8       1%          4
 Dazzling Flash           Conj/Hex       100%       N/A       1%          3
 Slow                     Hex            100%       N/A       2%          1
 Animate Armour           Summ/Erth      78%        N/A       10%         4
 Silence                  Hex/Air        14%        N/A       43%         5
 Agony                    Necr           26%        N/A       52%         5
 Lehudib's Crystal Spear  Conj/Erth      30%        10d8      96%         8


Dungeon Overview and Level Annotations

Branches:
Dungeon (10/15)            Temple (1/1) D:4             Orc (0/2) D:9
 Bailey (visited)
   Lair: D:8-11

Altars:
Cheibriados
Qazlal
Trog
Vehumet
Yredelemnul

Shops:
D:1 [   D:4 ?   D:9 *

Annotations:
D:4 3 runed translucent doors, didgeridoom's ghost, novice MiBe
D:10 Maggie


Message History

You kill Harold!
Vehumet accepts your kill.
You feel your power returning. The rakshasa closely misses you.
Your Shields skill increases to level 1!
You have reached level 11!
Casting: Mephitic Cloud (safe; 1% risk of failure)
Confirm with . or Enter, or press ? or * to list all spells.
Aiming: Stone Arrow (safe; 1% risk of failure)
Press: ? - help, Shift-Dir - straight line, f/p - rakshasa
Aim: a rakshasa, wielding a +0 trident and wearing a +0 robe (66% to hit)
The stone arrow hits the rakshasa!
The rakshasa is moderately wounded.
The rakshasa hits you from afar with a +0 trident!!
Unknown command.
Casting: Stone Arrow (safe; 1% risk of failure)
Confirm with . or Enter, or press ? or * to list all spells.
Aiming: Stone Arrow (safe; 1% risk of failure)
Press: ? - help, Shift-Dir - straight line, f/p - rakshasa
Aim: a rakshasa, wielding a +0 trident and wearing a +0 robe (moderately wounded, 66% to hit)
The stone arrow misses the rakshasa.
The rakshasa hits you from afar with a +0 trident!!
* * * LOW HITPOINT WARNING * * *
Casting: Stone Arrow (safe; 1% risk of failure)
Confirm with . or Enter, or press ? or * to list all spells.
Aiming: Stone Arrow (safe; 1% risk of failure)
Press: ? - help, Shift-Dir - straight line, f/p - rakshasa
Aim: a rakshasa, wielding a +0 trident and wearing a +0 robe (flame, lightly wounded, 66% to hit)
The stone arrow hits the rakshasa!!
The rakshasa is heavily wounded.
The rakshasa is engulfed in blazing flames.
You kill the rakshasa!
The rakshasa shimmers and vanishes!
You block the rakshasa's attack.
Casting: Stone Arrow (safe; 1% risk of failure)
Confirm with . or Enter, or press ? or * to list all spells.
Aiming: Stone Arrow (safe; 1% risk of failure)
Press: ? - help, Shift-Dir - straight line, f - rakshasa
Aim: a rakshasa, wielding a +0 trident and wearing a +0 robe (heavily wounded, 66% to hit)
The stone arrow misses the rakshasa.
The rakshasa hits you from afar with a +0 trident!
You die...

......,,,,,,* #.#
.#..'#******* ####.#
...#.##* #....#
.#.....### #.####
....##...# #..##
.#)#***#<# ####...#
...#####'#### #......#
.#†.........####.#.#..#
...............#@....##
#.'........).P.#.#(#.#
###..<[...o._..#R....#
#...)......P.§##(.##
#.................#
######'...#######.#
##.#### #.# #..#
####'### ####.####
#......#


You could see a rakshasa.

Vanquished Creatures
  Harold (D:9)
  Fannar (D:10)
  A cyclops (D:10)
  2 kobold demonologists (Bailey)
  A troll (D:9)
  Prince Ribbit (D:8)
  A shadow (D:9)
  3 yaks (D:9)
  A wraith (D:8)
  A water moccasin (D:9)
  A sky beast (D:6)
  3 black bears
  16 orc warriors
  2 ice beasts
  3 ogres
  A kobold brigand (D:7)
  3 bullfrogs
  2 necrophages
  3 scorpions
  7 wights
  2 howler monkeys (D:4)
  4 electric eels (Bailey)
  3 hounds
  6 orc priests
  A gnoll shaman (D:7)
  3 iguanas
  3 orc wizards
  5 adders
  10 gnolls
  2 shadow imps
  2 white imps
  3 worms
  3 dart slugs
  35 orcs
  8 endoplasms
  3 giant cockroaches
  18 goblins
  8 hobgoblins
  2 jackals (D:2)
  14 kobolds
  4 quokkas
  7 ball pythons
  5 bats
  2 frilled lizards (D:1)
  6 rats
213 creatures vanquished.

Vanquished Creatures (collateral kills)
  A water moccasin (D:5)
1 creature vanquished.

Vanquished Creatures (others)
  An electric eel (Bailey)
1 creature vanquished.

Grand Total: 215 creatures vanquished

Notes
Turn   | Place    | Note
-------+----------+-------------------------------------------
     0 | D:1      | pokeman the Deep Elf Hedge Wizard began the quest for the
                  | Orb.
     0 | D:1      | Reached XP level 1. HP: 10/10 MP: 7/7
   384 | D:1      | Reached XP level 2. HP: 16/16 MP: 7/9
  1102 | D:1      | Found Tibenisiq's Antique Armour Boutique.
  1140 | D:1      | Reached skill level 5 in Spellcasting
  1303 | D:1      | Reached XP level 3. HP: 20/20 MP: 4/11
  1307 | D:1      | Learned a level 3 spell: Mephitic Cloud
  1310 | D:1      | Learned a level 2 spell: Call Imp
  1313 | D:1      | Learned a level 2 spell: Blink
  1317 | D:1      | Learned a level 3 spell: Conjure Flame
  1398 | D:1      | Found a faded altar of an unknown god.
  1672 | D:2      | Found a snail-covered altar of Cheibriados.
  2293 | D:2      | Reached skill level 1 in Armour
  2331 | D:2      | Reached skill level 1 in Fighting
  2635 | D:3      | Reached XP level 4. HP: 25/25 MP: 8/13
  2808 | D:3      | HP: 1/25 [orc priest/divine providence (16)]
  3425 | D:3      | Reached skill level 6 in Spellcasting
  3425 | D:3      | Reached skill level 1 in Fire Magic
  3692 | D:4      | Reached XP level 5. HP: 29/29 MP: 6/15
  4044 | D:4      | Identified the ring of Dogma {Ice rElec rCorr Dex-3 Stlth-}
  4158 | D:4      | Found a staircase to the Ecumenical Temple.
  4167 | Temple   | Entered the Ecumenical Temple
  4206 | Temple   | Became a worshipper of Vehumet
  4286 | D:4      | Found Veaduiro's Magic Scroll Emporium.
  4291 | D:4      | Bought a scroll of magic mapping for 35 gold pieces
  4291 | D:4      | Bought a scroll of teleportation for 30 gold pieces
  4291 | D:4      | Bought a scroll of identify for 20 gold pieces
  4291 | D:4      | Bought a scroll of identify for 20 gold pieces
  4291 | D:4      | Bought a scroll of identify for 20 gold pieces
  4312 | D:4      | Reached skill level 1 in Air Magic
  4348 | D:4      | Noticed an ogre
  4355 | D:4      | Killed an ogre
  4356 | D:4      | Reached XP level 6. HP: 34/34 MP: 10/17
  4557 | D:4      | Reached skill level 7 in Spellcasting
  4557 | D:4      | Reached skill level 1 in Poison Magic
  4619 | D:4      | Reached skill level 1 in Evocations
  4992 | D:4      | Found a runed translucent gate.
  4992 | D:4      | Found a runed translucent gate.
  4992 | D:4      | Found a runed translucent gate.
  4993 | D:4      | Noticed didgeridoom's ghost (novice MiBe)
  5090 | D:5      | Entered Level 5 of the Dungeon
  5129 | D:5      | Noticed a water moccasin
  5144 | D:5      | Killed a water moccasin
  5145 | D:5      | Reached XP level 7. HP: 14/38 MP: 4/20
  5215 | D:5      | Reached skill level 8 in Spellcasting
  6669 | D:6      | Reached skill level 9 in Spellcasting
  6669 | D:6      | Reached XP level 8. HP: 44/44 MP: 1/23
  6801 | D:6      | Reached * piety under Vehumet
  6801 | D:6      | Offered knowledge of Shock by Vehumet.
  6804 | D:6      | Learned a level 1 spell: Shock
  6874 | D:6      | Reached skill level 5 in Conjurations
  7306 | D:6      | Reached skill level 10 in Spellcasting
  7424 | D:6      | Identified a scroll of acquirement
  7425 | D:6      | Acquired the ring "Xieneazoxt" {rPois rN+ EV+4 Int+7}
  8583 | D:7      | Acquired a +2 helmet of intelligence
  8726 | D:8      | Reached XP level 9. HP: 48/48 MP: 18/25
  8729 | D:8      | Noticed Prince Ribbit
  8738 | D:8      | Killed Prince Ribbit
  8739 | D:8      | Reached skill level 11 in Spellcasting
  8789 | D:8      | Identified the +2 rapier of Valour {drain, Str+3}
  8846 | D:8      | You fall into a shaft and drop 2 floors!
  8846 | D:10     | Entered Level 10 of the Dungeon
  8854 | D:10     | Noticed Fannar
  8968 | D:10     | Reached skill level 5 in Fire Magic
  9022 | D:10     | Noticed a cyclops
  9041 | D:10     | Killed a cyclops
  9041 | D:10     | Offered knowledge of Sandblast by Vehumet.
  9071 | D:10     | Killed Fannar
  9072 | D:10     | Reached skill level 12 in Spellcasting
  9273 | D:10     | Noticed Maggie
  9309 | D:9      | Found Koitz's Gadget Gallery.
  9321 | D:9      | Found a flagged portal.
  9327 | D:9      | Reached ** piety under Vehumet
  9369 | Bailey   | Entered a bailey
  9393 | Bailey   | Reached XP level 10. HP: 50/56 MP: 25/28
  9696 | Bailey   | Reached skill level 13 in Spellcasting
  9827 | Bailey   | Acquired the ring of Loxilog {Fly rElec Will++ Int+2}
  9909 | Bailey   | Offered knowledge of Inner Flame by Vehumet.
 10112 | Bailey   | Found an iron altar of Okawaru.
 10222 | Bailey   | Identified the +0 cloak of Fiucod {rPois Str-5 Dex+3}
 10295 | D:9      | Found a stormy altar of Qazlal.
 10354 | D:9      | Found a bloodstained altar of Trog.
 10377 | D:9      | Reached *** piety under Vehumet
 10429 | D:9      | Learned a level 3 spell: Stone Arrow
 10575 | D:9      | Reached skill level 14 in Spellcasting
 10575 | D:9      | Reached skill level 1 in Earth Magic
 10634 | D:9      | Noticed a rakshasa
 11464 | D:9      | Offered knowledge of Sticky Flame by Vehumet.
 11477 | D:9      | Noticed Harold
 11683 | D:9      | Killed Harold
 11684 | D:9      | Reached skill level 1 in Shields
 11684 | D:9      | Reached XP level 11. HP: 45/61 MP: 26/31
 11689 | D:9      | Mangled by a rakshasa (illusionary)

Illustrated notes

Levels and vault maps discovered:
D:1:      nzn_arrival_settlement, layout_loops_ring, serial_forest,
          infiniplex_forest_lined_corner, infiniplex_forest_straight_2,
          infiniplex_forest_clump_small, infiniplex_forest_clump_tiny,
          infiniplex_forest_lined_2, infiniplex_forest_lined_room_2,
          serial_shops, shop, basic_ecumenical_altar, minmay_liquid_box,
          minivault_23
D:2:      layout_basic, basic_altar
D:3:      layout_rooms, chequers_serial_rivers_room_a
D:4:      layout_gridville, minmay_temple_entry_sparse_star, serial_shops,
          kennysheep_little_box, gammafunk_ghost_necromancy
D:5:      layout_cave_pods, kennysheep_nub, amcnicky_mini_pool_small
D:6:      layout_cave_pools, kennysheep_generic_room_11
D:7:      layout_basic, grunt_decor_arrowhead, minmay_stone_trees_medium
D:8:      layout_loops_ring, minmay_fractal_squares_gapless_5,
          uniq_prince_ribbit1
D:9:      layout_roguey, old_standard_altar, trog_ov_bears_minmay,
          hiddenorc2_lemuel, serial_glass, glass_columns_a, glass_columns_a,
          glass_columns_a, glass_columns_c, glass_columns_a, glass_columns_a,
          special_room [special_room_bee], enter_bailey_5, abandoned_shop,
          nicolae_shop_gadgets, uniq_harold
D:10:     layout_grid_maze, uniq_fannar, uniq_maggie
Temple:   mainiacjoe_temple_big_plus

Skill      XL: |  1  2  3  4  5  6  7  8  9 10 |
---------------+-------------------------------+-----
Spellcasting   | 5 6 7 9 10 12 14 | 14.5
Armour         | 1 3 4 |  4.0
Fighting       | 1 2 3 4 |  4.0
Conjurations   | 2 3 4 5 7 8 |  8.3
Dodging        | 3 |  3.0
Fire Magic     | 1 3 4 6 7 |  7.0
Air Magic      | 1 |  1.0
Stealth        | 3 |  3.2
Poison Magic   | 1 |  1.1
Evocations     | 1 |  1.2
Earth Magic    | 2 |  2.5
Shields        | 1 |  1.1
Summonings     | |  1.1
Translocations | |  1.1

Action                   |  1- 3 |  4- 6 |  7- 9 | 10-12 || total
-------------------------+-------+-------+-------+-------++-------
Melee: Dagger            |     1 |       |       |       ||     1
       Short sword       |     3 |    15 |    19 |       ||    37
       Spear             |       |       |    62 |    98 ||   160
 Fire: Fustibalus        |       |       |    29 |       ||    29
 Cast: Magic Dart        |   136 |   118 |   119 |    11 ||   384
       Mephitic Cloud    |       |     2 |    23 |    20 ||    45
       Conjure Flame     |       |     1 |    11 |     5 ||    17
       Call Imp          |       |     1 |     1 |       ||     2
       Shock             |       |       |    43 |    74 ||   117
       Stone Arrow       |       |       |       |    21 ||    21
  Use: Scroll            |       |     7 |     6 |     1 ||    14
       Potion            |       |     1 |       |       ||     1
 Stab: Confused          |       |     3 |    11 |    15 ||    29
Armor: Robe              |     2 |     6 |     5 |       ||    13
       Leather armour    |       |       |     3 |     5 ||     8
Dodge: Dodged            |     9 |    32 |    34 |    36 ||   111
Block: Other             |       |       |       |    11 ||    11

Table legend: (Time is in decaauts)
 A = Elapsed time spent in this place.
 B = Non-inter-level travel time spent in this place.
 C = Inter-level travel time spent in this place.
 D = Time resting spent in this place.
 E = Time spent auto-exploring this place.
 F = Levels seen in this place.
 G = Mean time per level.
                   A        B        C        D        E       F      G
               +--------+--------+--------+--------+--------+-----+--------+
         Total |  11732 |  11448 |    284 |    975 |   8570 |  12 |  977.7 |
       Dungeon |  10788 |  10525 |    263 |    813 |   8176 |  10 | 1078.8 |
        Temple |     61 |     40 |     21 |      0 |     35 |   1 |   61.0 |
        Bailey |    881 |    881 |      0 |    162 |    359 |   1 |  881.0 |
               +--------+--------+--------+--------+--------+-----+--------+

Top non-repeatable levels by time:
     D:5: 1633 daAuts
     D:1: 1629 daAuts
     D:4: 1362 daAuts
     D:7: 1207 daAuts
     D:8: 1184 daAuts
     D:2: 1179 daAuts
  Bailey: 881 daAuts
     D:3: 859 daAuts
     D:6: 727 daAuts
     D:9: 559 daAuts
    D:10: 445 daAuts
  Temple: 61 daAuts
